Map: Heavy Artillery LE

Players

qqq - Winner!

  • Race: Zerg Zerg
  • Spawn Location: 1:00

Massa - Winner!

  • Race: Terran Terran
  • League: Platinum
  • Spawn Location: 3:00

belosnejka

  • Race: Terran Terran
  • Spawn Location: 7:00

Hydra

  • Race: Protoss Protoss
  • League: Platinum
  • Spawn Location: 7:00

VOD

Have the link to the VOD?

Description

Time

  • Played on: Nov. 14, 2020, 8:07 a.m.
  • Length: 19:35
Show
View Real Time Build Order
Export as new Build Order

qqq Zerg - Winner!

Build Orders: Hatch First, Lurkers 

Get SALT Encoding   

  12  0:02  Drone  
  13  0:08  Drone  
  14  0:36  Hatchery  
  14  0:40  Drone  
  14  0:47  Overlord  
  14  1:07  Spawning Pool  
  14  1:10  Drone  
  14  1:14  Extractor  
  13  1:33  Drone x2  
  13  1:34  Drone  
  16  1:46  Drone  
  17  1:53  Drone  
  18  1:54  Queen  
  20  2:04  Queen  
  22  2:14  Drone x2  
  24  2:20  Drone x2  
  26  2:27  Overlord  
  26  2:35  Drone x2  
  28  2:40  Metabolic Boost  
  28  2:46  Extractor  
  28  2:49  Zergling x2  
  28  2:50  Overlord  
  28  2:54  Drone  
  28  2:56  Zergling x2  
  30  2:59  Zergling x2  
  30  3:04  Zergling x2  
  32  3:15  Zergling x2  
  32  3:16  Zergling x6  
  32  3:19  Lair  
  36  3:22  Drone  
  36  3:26  Zergling x2  
  38  3:29  Drone  
  39  3:36  Drone  
  39  3:38  Drone  
  41  3:43  Extractor  
  41  3:47  Drone  
  41  3:48  Drone  
  42  3:59  Drone x2  
  42  4:01  Overlord  
  44  4:16  Hatchery, Overlord  
  43  4:17  Drone  
  43  4:22  Drone x2  
  43  4:23  Drone x2, Hydralisk Den  
  47  4:24  Drone  
  47  4:30  Drone x2  
  50  4:32  Drone  
  50  4:33  Zergling x2  
  52  4:42  Drone  
  55  4:47  Evolution Chamber  
  55  4:51  Extractor  
  53  4:55  Queen  
  53  5:02  Drone x2  
  53  5:03  Hydralisk x2  
  53  5:05  Overlord x2  
  59  5:28  Overseer  
  59  5:32  Pneumatized Carapace  
  59  5:37  Drone  
  59  5:38  Drone x4  
  59  5:39  Extractor  
  63  5:43  Zerg Missile Weapons Level 1, Lurker Den  
  63  5:44  Muscular Augments  
  63  5:46  Spore Crawler  
  63  5:48  Drone  
  62  5:51  Drone x3  
  62  5:52  Drone x2  
  67  6:15  Hydralisk x4  
  67  6:17  Drone, Zergling x4  
  67  6:18  Drone  
  79  6:22  Infestation Pit  
  79  6:23  Drone  
  79  6:25  Extractor  
  78  6:33  Drone  
  78  6:35  Drone x3  
  78  6:37  Overlord x2  
  82  6:43  Spine Crawler  
  82  6:44  Spine Crawler  
  80  6:51  Hydralisk  
  82  6:56  Lurker x3  
  82  6:57  Hatchery, Spine Crawler  
  82  6:59  Overlord x3  
  82  7:00  Drone  
  84  7:07  Extractor  
  83  7:11  Spore Crawler x2  
  83  7:13  Drone x2  
  83  7:14  Hydralisk  
  85  7:15  Spore Crawler  
  85  7:17  Lurker  
  85  7:26  Baneling Nest  
  85  7:27  Drone  
  85  7:29  Drone  
  86  7:32  Drone  
  87  7:37  Zerg Ground Armor Level 1  
  87  7:38  Hive  
  87  7:45  Grooved Spines, Evolution Chamber  
  86  7:58  Drone x2, Hydralisk  
  88  7:59  Hydralisk x2  
  88  8:04  Lurker  
  88  8:05  Lurker  
  96  8:07  Lurker  
  96  8:09  Drone x2  
  99  8:26  Hydralisk x4  
  99  8:27  Hydralisk x2  
  103  8:29  Drone  
  103  8:30  Drone  
  103  8:31  Drone  
  114  8:35  Baneling x2  
  114  8:36  Baneling x4  
  114  8:39  Drone  
  114  8:41  Drone  
  116  9:11  Lurker x3  
  116  9:12  Lurker x3  
  122  9:18  Drone x5  
  122  9:19  Drone  
  122  9:21  Seismic Spines  
  128  9:32  Hatchery  
  128  9:36  Hatchery  
  126  9:39  Zerg Missile Weapons Level 2  
  126  9:42  Zerg Melee Weapons Level 1  
  126  9:45  Drone x2  
  128  9:46  Overlord  
  128  9:47  Overlord x5  
  128  9:58  Ultralisk Cavern  
  127  10:08  Extractor  
  127  10:09  Extractor  
  125  10:16  Spine Crawler  
  124  10:21  Hydralisk  
  124  10:22  Hydralisk x7  
  124  10:24  Drone x3  
  143  10:43  Drone  
  143  10:49  Adaptive Talons  
  144  10:53  Lurker x2  
  146  11:01  Hydralisk x3  
  146  11:03  Drone x5  
  146  11:04  Drone  
  158  11:07  Overlord x3  
  158  11:08  Overlord x3  
  158  11:11  Drone  
  157  11:35  Zerg Ground Armor Level 2  
  157  11:44  Ultralisk x2  
  157  11:45  Ultralisk x2  
  181  11:47  Anabolic Synthesis  
  154  12:21  Ultralisk x3  
  170  12:22  Zergling x2  
  170  12:23  Zergling x10  
  170  12:24  Drone x5  
  129  13:03  Ultralisk x5  
  129  13:04  Zergling x4  
  129  13:05  Drone x2, Zergling x4  
  148  13:06  Drone x7  
  148  13:09  Zerg Melee Weapons Level 2  
  150  13:19  Extractor  
  145  13:20  Extractor x2  
  145  13:24  Overseer  
  145  13:25  Overseer  
  136  13:38  Chitinous Plating  
  136  13:40  Hydralisk x5  
  145  13:42  Hydralisk x3  
  145  13:43  Zergling x2  
  138  14:00  Ultralisk x2  
  138  14:01  Drone x7  
  138  14:02  Zergling x4  
  118  14:10  Ultralisk  
  118  14:11  Zergling x6  
  106  14:25  Zergling x6, Ultralisk  
  106  14:26  Zergling x4  
  113  14:33  Drone x4  
  113  14:34  Drone x2  
  116  14:39  Hydralisk x2  
  116  14:41  Ultralisk  
  117  14:54  Hydralisk x2  
  119  15:05  Hatchery  
  116  15:22  Drone x3  
  116  15:23  Drone x3  
  116  15:26  Extractor  
  121  15:30  Hydralisk x6  
  128  15:55  Ultralisk  
  128  15:56  Ultralisk x3  
  123  16:01  Spire, Spore Crawler  
  114  16:04  Spine Crawler  
  111  16:12  Zerg Melee Weapons Level 3  
  111  16:15  Hydralisk x2  
  111  16:16  Zergling x2  
  111  16:17  Drone x2, Zergling x2  
  111  16:18  Drone x2, Zergling x10  
  122  16:38  Spine Crawler  
  122  16:39  Spine Crawler  
  120  16:40  Spine Crawler, Spore Crawler  
  120  16:41  Spore Crawler x2  
  120  16:42  Spore Crawler  
  120  16:45  Spine Crawler  
  114  16:53  Ultralisk  
  114  16:54  Hydralisk x4, Ultralisk  
  124  16:55  Hydralisk, Zergling x2  
  124  16:56  Zergling x2  
  136  17:14  Ultralisk x2  
  136  17:15  Zergling x2  
  149  17:19  Drone x3  
  150  17:31  Hydralisk x2  
  150  17:33  Zergling x10  
  150  17:34  Lurker x2  
  150  17:35  Lurker  
  156  17:53  Ultralisk x2  
  156  17:54  Hydralisk x2  
  156  17:55  Zergling x8  
  156  17:56  Zergling x6  
  165  18:18  Zergling x2, Ultralisk x2  
  165  18:19  Zergling x12  
  165  18:30  Ultralisk  
  165  18:31  Zergling x6  
  165  18:32  Zergling x8  
  135  18:51  Hydralisk x2, Ultralisk x2  
  135  18:52  Hydralisk  
  134  19:14  Zergling x2  
  134  19:15  Zergling x16  
  134  19:16  Zergling x8  
  154  19:21  Hatchery  
  154  19:23  Extractor, Spine Crawler  
Show
View Real Time Build Order
Export as new Build Order

Massa Terran - Winner!

Build Orders:  

Get SALT Encoding   

  12  0:00  SCV  
  13  0:12  SCV  
  14  0:24  SCV  
  14  0:25  Supply Depot  
  15  0:47  SCV  
  15  0:48  Barracks  
  16  0:51  Refinery  
  16  0:59  SCV  
  17  1:11  SCV  
  18  1:24  SCV  
  19  1:36  SCV  
  19  1:37  Marine  
  21  1:48  Orbital Command  
  21  1:49  Command Center  
  21  1:55  Reaper  
  22  2:10  Supply Depot  
  22  2:32  Barracks Reactor  
  22  2:34  SCV  
  23  2:46  SCV  
  23  2:49  Command Center  
  24  2:59  SCV  
  24  3:00  Factory  
  25  3:11  SCV  
  26  3:14  Marine x2  
  26  3:18  Orbital Command  
  28  3:23  SCV  
  29  3:28  Refinery  
  29  3:32  Marine x2  
  29  3:33  Barracks  
  31  3:34  Barracks  
  31  3:35  SCV  
  32  3:47  SCV x2  
  34  3:49  Marine  
  34  3:50  Marine  
  36  3:59  SCV x2  
  38  4:09  Orbital Command  
  38  4:11  SCV x2  
  38  4:16  Supply Depot  
  40  4:17  Engineering Bay  
  40  4:23  SCV x2  
  42  4:32  Barracks Reactor, Factory Tech Lab  
  42  4:34  SCV  
  42  4:35  Barracks Tech Lab  
  42  4:36  SCV x2  
  45  4:39  Marine x2  
  47  4:47  SCV, Missile Turret  
  47  4:48  SCV  
  47  4:49  Starport  
  49  4:54  SCV  
  49  4:55  Stimpack  
  49  4:56  Marine  
  49  4:57  Marauder, Marine  
  49  4:59  SCV  
  55  5:03  Cyclone  
  55  5:05  Refinery  
  58  5:08  Refinery  
  58  5:13  SCV  
  58  5:14  SCV, Marine x2  
  61  5:18  Marauder  
  64  5:25  SCV, Marine x2  
  64  5:26  SCV  
  68  5:32  Marine  
  68  5:35  Orbital Command  
  69  5:50  Supply Depot  
  69  5:52  Supply Depot  
  69  5:55  Missile Turret  
  69  6:11  SCV, Marine x4  
  69  6:12  SCV, Marauder  
  69  6:13  Supply Depot, Siege Tank  
  69  6:17  Supply Depot  
  80  6:21  Starport Reactor  
  80  6:24  Terran Infantry Weapons Level 1  
  80  6:27  Armory  
  80  6:29  Marine x3  
  83  6:33  Marauder, Factory  
  83  6:38  Combat Shield  
  85  6:45  SCV x3, Siege Tank  
  91  6:51  Refinery  
  91  6:55  Refinery, Marauder  
  91  6:57  SCV x3, Marine x4  
  100  7:09  Barracks  
  100  7:15  Marine  
  101  7:16  Missile Turret  
  101  7:24  Supply Depot  
  101  7:28  Starport, Supply Depot  
  101  7:35  Supply Depot  
  101  7:38  Supply Depot  
  101  7:45  SCV x2, Marine x4  
  101  7:46  Marauder  
  101  7:49  SCV, Siege Tank  
  101  7:50  Sensor Tower  
  113  7:55  Medivac  
  113  7:56  Engineering Bay, Medivac  
  113  7:57  Concussive Shells  
  113  7:58  SCV x2  
  119  8:01  SCV  
  119  8:03  Marine x4  
  124  8:07  Barracks Tech Lab, Marauder  
  124  8:10  SCV x2, Factory Reactor  
  128  8:13  SCV  
  128  8:19  Terran Infantry Armor Level 1  
  129  8:21  Marine x3  
  132  8:30  Ghost Academy  
  132  8:33  Ghost Academy  
  132  8:43  Starport Tech Lab  
  132  8:45  Supply Depot  
  132  8:46  Supply Depot  
  132  8:48  Supply Depot  
  132  8:49  Supply Depot  
  132  8:51  Supply Depot x2  
  132  9:00  Terran Infantry Weapons Level 2  
  132  9:02  Terran Vehicle And Ship Armor Level 1  
  132  9:06  Widow Mine x2, Marauder, Siege Tank  
  132  9:09  Supply Depot  
  141  9:15  Supply Depot  
  141  9:19  SCV x3  
  144  9:28  Widow Mine, Marauder  
  144  9:30  Medivac x3  
  154  9:31  SCV x2  
  154  9:32  SCV  
  157  9:38  Siege Tank  
  157  9:40  Enhanced Shockwaves  
  157  9:41  Command Center  
  157  9:42  Personal Cloaking  
  157  9:43  SCV x2  
  157  9:44  Ghost  
  164  9:49  Marauder  
  166  9:55  SCV x2  
  166  9:56  SCV  
  169  10:07  SCV  
  169  10:08  SCV  
  169  10:10  Ghost, Siege Tank  
  176  10:16  Widow Mine x2  
  180  10:21  Ghost  
  180  10:22  Marine  
  183  10:34  Supply Depot  
  183  10:35  Supply Depot x2  
  183  10:37  Widow Mine x2  
  183  10:38  Ghost  
  189  10:43  Siege Tank  
  189  10:48  Command Center  
  189  10:49  Barracks, Ghost  
  192  10:51  Barracks  
  192  10:54  Barracks  
  192  10:55  Planetary Fortress  
  192  10:56  Barracks  
  194  10:57  Supply Depot  
  194  11:02  Supply Depot  
  194  11:04  Supply Depot  
  194  11:08  Drilling Claws  
  194  11:12  SCV x3  
  194  11:15  Refinery  
  194  11:16  Refinery  
  197  11:24  SCV x2  
  197  11:25  Supply Depot  
  197  11:27  Supply Depot  
  197  11:28  Supply Depot  
  189  11:52  Supply Depot  
  153  12:26  Smart Servos  
  153  12:27  Marauder  
  153  12:28  Marauder, Marine x7  
  139  12:31  Barracks Tech Lab  
  138  12:45  Marine  
  138  12:46  Marine x6  
  138  12:49  Marauder x2, Marine  
  147  12:52  Siege Tank  
  147  12:53  Widow Mine  
  147  12:54  Widow Mine  
  154  13:03  Marine  
  154  13:04  Marine x6  
  154  13:07  Marine  
  154  13:10  Marauder x2  
  145  13:15  Widow Mine  
  146  13:21  Widow Mine, Marine  
  146  13:24  Siege Tank  
  146  13:26  Marauder  
  147  13:27  Barracks Tech Lab  
  147  13:28  Barracks Tech Lab  
  147  13:31  Marauder  
  147  13:32  Marauder  
  148  13:36  Widow Mine  
  143  13:43  Widow Mine  
  143  13:47  Marauder  
  142  13:53  Marauder x2  
  140  13:56  Siege Tank  
  137  14:08  Marauder  
  124  14:14  Marauder  
  124  14:15  Marauder  
  121  14:25  Command Center  
  121  14:27  Barracks  
  121  14:29  Planetary Fortress  
  121  14:30  Marauder  
  123  14:31  Marauder  
  123  14:32  Marine x5  
  123  14:35  Marauder  
  123  14:36  Marauder  
  123  14:38  SCV x3  
  133  14:49  Marine  
  133  14:50  SCV x3, Marine x4  
  133  14:51  Marauder  
  143  14:53  Marauder  
  143  14:57  Marauder x2  
  147  15:02  SCV x3  
  150  15:07  Marine  
  150  15:08  Marine x4  
  150  15:10  Viking  
  150  15:11  Medivac, Viking  
  150  15:13  Marauder  
  166  15:14  SCV x3, Marauder  
  166  15:18  Marauder  
  166  15:19  Marauder  
  170  15:25  Marine  
  170  15:26  SCV, Marine x4  
  176  15:30  Missile Turret  
  176  15:33  Missile Turret  
  176  15:34  Marauder  
  180  15:35  Marauder  
  180  15:40  Marauder x2, Medivac  
  186  15:43  Marine  
  186  15:44  Marine x2  
  180  15:54  Missile Turret  
  180  15:55  Marauder  
  169  15:57  Marauder  
  169  16:01  Marauder  
  169  16:02  Marauder  
  165  16:07  Command Center  
  165  16:11  SCV x2, Missile Turret  
  165  16:12  SCV  
  168  16:23  SCV x2  
  168  16:24  SCV  
  171  16:33  Missile Turret  
  171  16:35  SCV  
  171  16:36  Orbital Command  
  168  16:43  Marauder x5  
  168  16:44  Marine x5  
  167  16:54  Siege Tank  
  167  16:55  Widow Mine x2  
  174  17:02  SCV  
  174  17:04  Marauder  
  174  17:05  Marauder x4  
  185  17:14  SCV  
  186  17:17  Widow Mine x2, Engineering Bay, Missile Turret  
  186  17:18  Refinery  
  186  17:19  Armory, Missile Turret x2  
  186  17:20  Refinery, Armory, Missile Turret  
  186  17:21  Missile Turret  
  190  17:25  Starport Reactor  
  190  17:26  Marauder, Siege Tank  
  195  18:01  Marauder x2, Marine  
  189  19:07  Marauder x4  
Show
View Real Time Build Order
Export as new Build Order

belosnejka Terran 

Build Orders:  

Get SALT Encoding   

  12  0:02  SCV  
  13  0:14  SCV  
  14  0:21  Supply Depot  
  14  0:26  SCV  
  15  0:43  SCV  
  15  0:45  Barracks  
  16  0:55  SCV  
  17  1:07  SCV  
  18  1:16  Command Center  
  18  1:19  SCV  
  19  1:38  Marine  
  20  1:41  Orbital Command  
  20  1:43  Supply Depot  
  20  1:45  Refinery  
  20  1:56  Marine  
  21  2:03  Barracks  
  21  2:10  Bunker  
  21  2:14  Marine  
  21  2:15  SCV  
  23  2:27  SCV  
  24  2:43  Barracks  
  24  2:44  Orbital Command  
  24  2:47  Barracks Tech Lab  
  24  2:51  SCV  
  25  2:52  Marine  
  26  3:05  SCV  
  27  3:08  Engineering Bay  
  27  3:13  Refinery  
  27  3:15  Factory  
  27  3:17  SCV  
  28  3:25  Marine  
  28  3:26  SCV  
  30  3:29  SCV  
  30  3:32  Marine  
  32  3:38  SCV, Supply Depot  
  33  3:43  Marine  
  34  3:51  SCV  
  34  3:53  SCV  
  36  3:59  Refinery, Terran Infantry Weapons Level 1  
  36  4:03  SCV  
  36  4:05  SCV  
  38  4:10  Refinery  
  38  4:14  Marine  
  38  4:15  SCV, Marine  
  42  4:17  SCV  
  42  4:19  Barracks Reactor  
  42  4:27  SCV  
  42  4:29  SCV  
  44  4:32  Marine x2  
  44  4:34  Supply Depot  
  46  4:39  SCV  
  46  4:41  SCV  
  46  4:45  Siege Tank  
  51  4:50  Marine x2  
  51  4:51  SCV  
  54  4:54  Supply Depot  
  54  4:58  Starport  
  54  5:02  Missile Turret  
  54  5:03  SCV  
  55  5:08  Marine  
  55  5:10  Factory  
  56  5:14  Barracks  
  56  5:16  Marine  
  56  5:18  Supply Depot  
  57  5:24  Supply Depot  
  57  5:30  Sensor Tower  
  57  5:42  SCV x2  
  59  5:47  Supply Depot  
  59  5:50  Missile Turret  
  59  5:54  SCV x2  
  61  5:58  Siege Tank  
  61  6:00  Factory Tech Lab  
  61  6:03  Starport Reactor  
  61  6:04  Marine x3  
  65  6:05  Marine  
  65  6:06  SCV  
  70  6:11  Missile Turret  
  70  6:14  Terran Infantry Armor Level 1  
  70  6:17  Barracks Tech Lab  
  69  6:19  Siege Tank  
  69  6:21  Marine  
  69  6:22  Marine x2  
  69  6:23  Marine  
  69  6:24  Supply Depot  
  76  6:30  Siege Tank  
  79  6:34  SCV  
  79  6:35  SCV  
  79  6:36  Missile Turret  
  81  6:43  Armory  
  81  6:46  SCV, Supply Depot  
  83  6:47  SCV  
  83  6:49  Missile Turret  
  83  6:51  Medivac, Siege Tank  
  83  6:52  Medivac  
  90  6:55  Marauder  
  90  6:59  Marine  
  90  7:01  Marine  
  94  7:09  Barracks Tech Lab  
  94  7:16  Marauder  
  94  7:21  Medivac  
  94  7:22  Medivac  
  100  7:25  Supply Depot  
  100  7:27  Supply Depot  
  100  7:30  Siege Tank  
  103  7:37  Starport  
  103  7:38  Marauder, Terran Vehicle Weapons Level 1  
  103  7:43  Armory  
  105  7:50  Supply Depot  
  105  7:51  Supply Depot  
  105  7:59  Marauder  
  105  8:03  Thor  
  113  8:06  Marine x3  
  113  8:09  SCV  
  117  8:13  Supply Depot x2  
  117  8:21  SCV  
  118  8:40  Command Center  
  118  8:54  SCV x2  
  120  8:59  Starport Tech Lab  
  120  9:00  Medivac x2  
  120  9:01  Marine  
  120  9:02  Marauder, Marine  
  128  9:21  Terran Infantry Weapons Level 2  
  128  9:23  Terran Vehicle And Ship Armor Level 1  
  128  9:24  Sensor Tower  
  128  9:29  Engineering Bay, Viking  
  128  9:30  Viking, Supply Depot  
  132  9:32  Supply Depot  
  132  9:34  Supply Depot  
  132  9:36  Supply Depot  
  132  9:43  Barracks  
  132  9:49  Barracks  
  132  9:52  Marine  
  132  9:53  Marine x3  
  132  9:55  Orbital Command, Missile Turret  
  132  9:57  SCV x2  
  138  10:09  SCV  
  139  10:14  Marine x2  
  139  10:15  Marauder x2, Marine  
  139  10:16  Missile Turret  
  146  10:23  Raven  
  146  10:27  Siege Tank  
  151  10:32  Marine x2  
  151  10:33  Terran Infantry Armor Level 2, Marine  
  154  10:36  Terran Ship Weapons Level 1  
  154  10:37  Marauder x2  
  154  10:39  Missile Turret  
  158  10:50  Marine  
  158  10:54  Barracks Reactor, Barracks Tech Lab  
  158  10:55  Marine x2  
  161  10:58  Marauder x2  
  161  10:59  Medivac  
  161  11:00  Missile Turret  
  167  11:08  Marine  
  168  11:13  Marine  
  169  11:19  Marauder  
  169  11:20  Marauder  
  169  11:23  Sensor Tower  
  161  11:40  Siege Tank x2  
  161  11:41  Marauder x2  
  161  11:42  Marine x2  
  161  11:43  Refinery, Marauder, Marine x3  
  178  12:00  Marine x3  
  178  12:01  Marine x2  
  181  12:02  Marauder x2  
  181  12:05  Marauder  
  181  12:06  Refinery  
  173  12:12  Siege Tank  
  128  12:24  Marauder x2  
  110  12:38  Marine x2  
  110  12:39  Marine x4  
  114  12:44  Marine  
  114  12:45  Marine  
  112  12:56  Marine x3  
  112  12:57  Marine  
  112  12:58  Marauder  
  118  13:03  Marauder x2  
  119  13:08  Siege Tank x2  
  125  13:14  Marine  
  125  13:15  Marine x3  
  125  13:16  Marine  
  125  13:19  Marauder  
  132  13:24  Marauder x2  
  136  13:32  Marine  
  137  13:40  Widow Mine, Marauder  
  141  13:46  Marauder x2  
  142  14:01  Siege Tank  
  142  14:02  Marauder  
  114  14:07  Marauder  
  98  14:15  Marine x2  
  98  14:16  Marine x4  
  103  14:22  Marine  
  104  14:28  Marine  
  105  14:33  Marine x3  
  105  14:34  Marine x3, Siege Tank  
  114  14:40  Marine  
  109  14:46  Marine  
  109  14:51  Marine x4  
  109  14:52  Marine x2  
  110  14:57  Factory Tech Lab  
  110  14:58  Marine  
  111  15:03  Marine  
  111  15:04  Medivac x2  
  111  15:05  Medivac  
  111  15:06  Siege Tank  
  121  15:09  Marine x5  
  121  15:10  Marine  
  127  15:16  Marine  
  128  15:21  Marine  
  128  15:26  Marine  
  128  15:27  Marine x4  
  128  15:28  Marauder  
  136  15:34  Marauder  
  138  15:38  Siege Tank  
  138  15:39  Marine  
  142  15:44  Marine x2  
  142  15:45  Marine x3  
  142  15:49  Marauder  
  137  15:56  Marauder  
  123  16:10  Siege Tank  
  121  16:16  Marine x3  
  121  16:17  Marauder x3, Marine  
  128  16:26  Marine  
  129  16:34  Marine x3, Stimpack  
  129  16:38  Marauder  
  129  16:39  Marauder  
  138  16:42  Siege Tank  
  139  16:54  Siege Tank  
  139  16:57  Marine  
  139  17:00  Marauder  
  142  17:14  Siege Tank  
  145  17:24  Marine  
  145  17:25  Marine x2  
  145  17:26  Marauder x2, Marine, Siege Tank  
  155  17:42  Marine  
  156  17:46  Siege Tank  
  156  17:47  Marauder  
  157  17:58  Siege Tank  
  149  18:18  Siege Tank  
  86  18:27  Marine x3  
  86  18:28  Marauder, Marine  
  74  18:36  Siege Tank  
  73  18:45  Marine x4  
  75  18:49  Marauder  
  66  19:02  Marine  
  66  19:05  Marine  
  69  19:10  Marauder  
Show
View Real Time Build Order
Export as new Build Order

Hydra Protoss 

Build Orders: 1 Gate Expand, Zealot Archon 

Get SALT Encoding   

  12  0:00  Probe  
  13  0:12  Probe  
  14  0:18  Pylon  
  14  0:24  Probe  
  15  0:36  Probe  
  15  0:38  Gateway  
  16  0:46  Assimilator  
  16  0:48  Probe  
  17  1:01  Probe  
  18  1:13  Probe  
  19  1:25  Probe  
  20  1:35  Nexus  
  20  1:39  Probe  
  21  1:43  Assimilator  
  21  1:48  Pylon  
  21  1:52  Probe  
  22  2:06  Zealot  
  23  2:32  Probe  
  23  2:36  Cybernetics Core  
  24  2:47  Probe (Chrono Boost)  
  24  2:48  Probe (Chrono Boost)  
  26  2:57  Probe (Chrono Boost)  
  27  3:01  Gateway  
  27  3:02  Probe (Chrono Boost)  
  28  3:13  Probe  
  28  3:16  Robotics Facility  
  29  3:23  Robotics Facility  
  29  3:25  Probe  
  30  3:32  Warp Gate  
  30  3:37  Probe, Pylon  
  30  3:40  Probe  
  32  3:45  Gateway  
  32  3:48  Gateway, Stalker x2 (Chrono Boost)  
  36  4:00  Shield Battery  
  36  4:01  Pylon  
  36  4:03  Probe  
  36  4:04  Probe  
  38  4:15  Probe  
  38  4:16  Probe  
  40  4:28  Nexus  
  40  4:30  Probe  
  41  4:31  Probe  
  41  4:36  Observer (Chrono Boost)  
  43  4:44  Forge  
  43  4:53  Observer  
  43  4:54  Pylon  
  44  5:07  Probe x2  
  44  5:11  Assimilator  
  46  5:14  Assimilator  
  46  5:15  Shield Battery  
  46  5:19  Probe x2  
  48  5:22  Twilight Council  
  48  5:24  Pylon  
  48  5:27  Warp Prism  
  50  5:31  Probe  
  50  5:32  Probe  
  51  5:43  Probe  
  51  5:44  Probe  
  53  5:52  Protoss Ground Weapons Level 1 (Chrono Boost)  
  53  5:56  Probe x2, Gateway  
  55  5:58  Gateway  
  55  6:01  Gateway  
  55  6:02  Gateway  
  55  6:08  Probe (Chrono Boost)  
  58  6:13  Probe x2 (Chrono Boost)  
  58  6:18  Probe (Chrono Boost)  
  59  6:21  Probe (Chrono Boost)  
  59  6:22  Probe (Chrono Boost)  
  59  6:23  Probe (Chrono Boost), Photon Cannon  
  62  6:32  Probe  
  63  6:34  Probe x2  
  63  6:35  Photon Cannon  
  63  6:38  Immortal  
  69  6:43  Charge (Chrono Boost)  
  69  6:44  Probe  
  69  6:45  Templar Archives  
  69  6:46  Probe  
  71  6:48  Probe  
  71  6:53  Assimilator  
  72  6:56  Probe  
  72  6:58  Probe  
  72  7:00  Probe  
  75  7:05  Forge  
  76  7:08  Probe  
  76  7:12  Pylon  
  76  7:17  Probe x2, Assimilator  
  76  7:20  Probe  
  76  7:22  Photon Cannon  
  79  7:29  Dark Shrine  
  79  7:33  Pylon  
  79  7:36  Pylon  
  79  7:42  Pylon  
  79  7:45  High Templar x4  
  79  7:46  High Templar x4  
  79  7:49  Archon x2  
  79  7:50  Archon x2  
  95  7:54  Protoss Ground Armor Level 1 (Chrono Boost), Robotics Bay  
  95  8:19  Zealot x4  
  103  8:20  Zealot x4  
  111  8:33  Robotics Facility  
  111  8:35  Observer (Chrono Boost)  
  112  8:47  Protoss Ground Weapons Level 2 (Chrono Boost), Nexus  
  112  8:48  Observer (Chrono Boost)  
  112  8:50  Pylon  
  112  8:52  Pylon  
  112  8:55  Pylon  
  113  9:02  Dark Templar x2  
  115  9:03  Dark Templar  
  115  9:05  Stalker  
  115  9:06  Stalker x2  
  115  9:08  Colossus (Chrono Boost)  
  125  9:13  Extended Thermal Lance (Chrono Boost)  
  130  9:21  Probe x3  
  133  9:37  Pylon  
  133  9:42  Assimilator  
  133  9:45  Pylon  
  133  9:46  Pylon, Assimilator  
  133  9:49  Photon Cannon, Protoss Ground Armor Level 2 (Chrono Boost)  
  133  9:51  Pylon, Shield Battery  
  133  9:57  Stalker x4  
  133  9:58  Colossus (Chrono Boost), Zealot x3  
  133  9:59  Zealot  
  161  10:11  Colossus (Chrono Boost)  
  160  10:53  Pylon  
  160  10:56  Pylon  
  160  10:57  Pylon  
  160  11:00  Photon Cannon  
  160  11:01  Photon Cannon  
  160  11:06  Stargate  
  160  11:09  Stargate  
  160  11:10  Stargate  
  160  11:12  Observer x2  
  158  11:33  Observer  
  159  11:49  Stargate  
  159  11:50  Stargate  
  159  11:53  Nexus  
  159  11:56  Pylon  
  159  12:00  Pylon  
  159  12:01  Pylon  
  135  12:26  Stalker x6  
  135  12:27  Stalker  
  141  12:42  Stalker  
  142  12:51  Zealot x5  
  137  12:52  Zealot x2  
  131  13:11  Dark Templar x2  
  131  13:12  Dark Templar x6  
  127  13:44  Photon Cannon  
  127  13:46  Photon Cannon  
  111  13:48  Photon Cannon  
  111  13:50  Photon Cannon  
  101  13:57  Zealot x3  
  101  13:58  Dark Templar x3  
  101  13:59  Dark Templar x2  
  112  14:19  Dark Templar x3  
  110  14:43  Zealot x2  
  110  14:44  Dark Templar x3  
  114  14:49  Assimilator  
  104  14:53  Assimilator  
  104  14:55  Fleet Beacon  
  96  15:08  Nexus, Dark Templar  
  96  15:09  Zealot x2, Dark Templar  
  96  15:11  Pylon, Zealot  
  96  15:12  Pylon  
  104  15:14  Pylon  
  94  15:38  Zealot x4  
  94  15:39  Zealot x2  
  106  15:54  Colossus x2  
  118  15:59  Tempest (Chrono Boost)  
  90  16:27  Dark Templar x2  
  90  16:28  Zealot x2  
  90  16:29  Zealot x3  
  90  16:30  Photon Cannon  
  90  16:32  Photon Cannon  
  104  16:34  Photon Cannon  
  98  16:47  Warp Prism  
  106  16:54  Carrier  
  106  16:56  Zealot x4  
  106  16:57  Zealot x2  
  118  17:01  Probe (Chrono Boost)  
  118  17:07  Gateway  
  119  17:09  Gateway  
  119  17:11  Probe x2 (Chrono Boost)  
  119  17:13  Assimilator  
  121  17:17  Assimilator  
  121  17:18  Probe (Chrono Boost)  
  121  17:20  Probe (Chrono Boost)  
  121  17:22  Observer  
  124  17:23  Probe (Chrono Boost)  
  124  17:24  Observer  
  124  17:27  Probe  
  127  17:35  Probe  
  124  17:40  Probe  
  125  17:47  Probe  
  125  17:51  Stalker x6  
  130  17:52  Stalker  
  130  17:53  Zealot  
  142  18:06  Zealot x2  
  142  18:11  Photon Cannon  
  145  18:13  Photon Cannon  
  145  18:14  Observer  
  145  18:15  Observer, Gateway  
  145  18:16  Photon Cannon x2  
  145  18:17  Gateway  
  145  18:19  Pylon  
  147  18:20  Gateway  
  147  18:24  Pylon  
  147  18:26  Pylon  
  145  18:33  Dark Templar  
  145  18:34  Dark Templar x3  
  121  18:35  Zealot x2  
  121  18:36  Zealot x3  
  85  18:57  Zealot x2  
  85  18:58  Zealot x3  
  85  18:59  Zealot  
Tags
 
Add a new tag
Caveats
  • Supply blocks, unpowered buildings, or Contaminate may cause inaccurate times.
  • Supply counts are checked every 10 seconds.